 Dungeon Crawl Stone Soup version 0.30-a0-702-gdf48620a09 (webtiles) character file.

Game seed: 8768628541694741705

10 flotson the Sneak (level 2, -2/24 HPs)
             Began as a Demonspawn Delver on Jan 21, 2023.
             Slain by a mummy (9 damage)
             ... in an ossuary.
             The game lasted 00:01:18 (238 turns).

flotson the Sneak (Demonspawn Delver)                Turns: 238, Time: 00:01:18

Health: -2/24      AC:  3    Str: 12    XL:     2   Next: 10%
Magic:  2/2        EV: 11    Int: 11    God:
Gold:   56         SH:  0    Dex: 14    Spells: 1/1 levels left

rFire   . . .      SeeInvis .    a - +0 hand axe
rCold   . . .      Faith    .    (no shield)
rNeg    . . .      Spirit   .    b - +0 leather armour
rPois   .          Reflect  .    (no helmet)
rElec   .          Harm     .    (no cloak)
rCorr   .          Rampage  .    (no gloves)
Will    .....                    (no boots)
Stlth   +++                      (no amulet)
HPRegen 0.24/turn                (no ring)
MPRegen 0.08/turn                (no ring)

@: no status effects
A: hooves 1
a: no special abilities


You were in an ossuary.
You visited 1 branch of the dungeon, and saw 2 of its levels.
You also visited: Ossuary.

You collected 56 gold pieces.

Inventory:

Hand Weapons
 a - a +0 hand axe (weapon)
Missiles
 d - 2 poisoned darts (quivered)
Armour
 b - a +0 leather armour (worn)
Wands
 g - a wand of digging (3)
Scrolls
 c - a scroll of fog
Potions
 f - a potion of haste


   Skills:
 + Level 3.0 Fighting
 - Level 2.0 Axes
 + Level 0.0 Throwing
 + Level 0.3 Armour
 + Level 1.9 Dodging
 + Level 4.6 Stealth
 + Level 0.3 Evocations


You had one spell level left.
You didn't know any spells.
Your spell library was empty.

Dungeon Overview and Level Annotations

Branches:
Dungeon (5/15)             Temple (0/1) D:4         Ossuary (1/1)

Altars:

Annotations:
D:4 Edmund


Innate Abilities, Weirdness & Mutations

You have large cloven feet.


Message History

A wyvern zombie comes into view.
The wyvern zombie moves out of view.
There is an open door here.
A mummy comes into view.
A mummy comes into view.
The mummy barely misses you.
You barely miss the mummy.
A hornet zombie comes into view.
You hit the mummy but do no damage. You kick the mummy.
The mummy is lightly damaged.
The mummy barely misses you.
You hit the mummy but do no damage.
The mummy is lightly damaged.
The mummy closely misses you.
You hit the mummy but do no damage.
The mummy is lightly damaged.
You hit the mummy.
The mummy is moderately damaged.
You hit the wyvern zombie.
The wyvern zombie completely misses you.
The mummy closely misses you.
The wyvern zombie bites you but does no damage.
You barely miss the mummy. You kick the mummy.
The mummy is severely damaged.
You hit the wyvern zombie. The wyvern zombie bites you! The mummy hits you.
You hit the mummy.
The mummy is severely damaged.
You barely miss the wyvern zombie. The wyvern zombie barely misses you.
The wyvern zombie closely misses you. The mummy closely misses you.
You barely miss the mummy.
The mummy is severely damaged.
You hit the wyvern zombie but do no damage.
The wyvern zombie bites you but does no damage.
The wyvern zombie closely misses you.
You hit the mummy but do no damage.
The mummy is severely damaged.
You hit the wyvern zombie. The wyvern zombie bites you!
* * * LOW HITPOINT WARNING * * *
The mummy hits you!
You die...

##### #∩..#
#.∩.# #...#
.##+##+##'##.#
....ZMZ@..~~~+
'#+#+#M#.~.#~#
#.#.#P# #
#######


You could see 2 mummies, a wyvern zombie and a hornet zombie.

Vanquished Creatures
  A dart slug (D:5)
  2 orcs
  A giant cockroach (D:4)
  2 ball pythons (D:4)
6 creatures vanquished.

Vanquished Creatures (others)
  A withered plant (Ossuary)
1 creature vanquished.

Grand Total: 7 creatures vanquished

Notes
Turn   | Place    | Note
-------+----------+-------------------------------------------
     0 | D:5      | flotson the Demonspawn Delver began the quest for the Orb.
     0 | D:5      | Reached XP level 1. HP: 18/18 MP: 1/1
    63 | D:5      | Noticed an orc wizard
    63 | D:5      | Noticed an orc wizard
   102 | D:4      | Discovered your monstrous ancestry.
   102 | D:4      | Gained mutation: You have large cloven feet. [demonic
                  | ancestry]
   102 | D:4      | Reached XP level 2. HP: 9/24 MP: 2/2
   219 | D:4      | Found a sand-covered staircase.
   219 | D:4      | Noticed Edmund
   224 | Ossuary  | Entered an ossuary
   238 | Ossuary  | Slain by a mummy

Illustrated notes

Levels and vault maps discovered:
D:4:      layout_loops_cross, minmay_temple_entry_grid,
          lightli_ossuary_entry_decrepit_ruins, grunt_ministairs_7,
          roderic_batcave, nicolae_specific_store,
          chequers_serial_rivers_small_3, minmay_misc_feat_iff,
          grunt_decor_resistance, uniq_edmund
D:5:      layout_loops_corners, uniq_pikel, uniq_eustachio, uniq_prince_ribbit1
Ossuary:  ossuary_zaba_flooded

Skill      XL: |  1 |
---------------+----+-----
Axes           | 2 |  2.0
Fighting       | |  3.0
Armour         | |  0.3
Dodging        | |  1.9
Stealth        | |  4.6
Evocations     | |  0.3

Action                   || total
-------------------------++-------
Melee: Hand axe          ||    33
       Kick              ||     2
  Use: Scroll            ||     3
Armor: Leather armour    ||    14
Dodge: Dodged            ||    31

Table legend: (Time is in decaauts)
 A = Elapsed time spent in this place.
 B = Non-inter-level travel time spent in this place.
 C = Inter-level travel time spent in this place.
 D = Time resting spent in this place.
 E = Time spent auto-exploring this place.
 F = Levels seen in this place.
 G = Mean time per level.
                   A        B        C        D        E       F      G
               +--------+--------+--------+--------+--------+-----+--------+
         Total |    244 |    242 |      2 |      0 |     97 |   3 |   81.3 |
       Dungeon |    228 |    226 |      2 |      0 |     96 |   2 |  114.0 |
       Ossuary |     15 |     15 |      0 |      0 |      1 |   1 |   15.0 |
               +--------+--------+--------+--------+--------+-----+--------+

Top non-repeatable levels by time:
     D:4: 140 daAuts
     D:5: 88 daAuts
 Ossuary: 15 daAuts
